 Dungeon Crawl Stone Soup version 0.29-a0-834-g1e95ca9f62 (webtiles) character file.

Game seed: 341050763803114387

7981 buhh the Frost Mage (level 11, -2/123 HPs)
             Began as a Gnoll Ice Elementalist on July 13, 2022.
             Was a Follower of Cheibriados.
             Slain by a wraith (3 damage)
             ... on level 12 of the Dungeon.
             The game lasted 00:37:27 (5436 turns).

buhh the Frost Mage (Gnoll Ice Elementalist)        Turns: 5436, Time: 00:37:27

Health: -2/123     AC: 29    Str: 11    XL:     11   Next: 23%
Magic:  4/23       EV:  2    Int: 20    God:    Cheibriados [*.....]
Gold:   380        SH:  0    Dex: 14    Spells: 8/26 levels left

rFire   x . .      SeeInvis .     - Unarmed
rCold   + . .      Faith    +   (no shield)
rNeg    . . .      Spirit   .   (body armour currently unavailable)
rPois   +          Reflect  .   (helmet currently unavailable)
rElec   .          Harm     .   (cloak currently unavailable)
rCorr   .          Rampage  .   (gloves currently unavailable)
Will    .....      NoTele   +   (boots currently unavailable)
Stlth   ++++......              i - amulet of faith
HPRegen 0.30/turn               c - +4 ring of protection
MPRegen 0.18/turn               B - ring of ice

@: tree-form, very slow
A: stationary, stasis, torment immunity, boosted hp, (fangs 1), strong nose,
distributed training
a: Renounce Religion, Bend Time


You were on level 12 of the Dungeon.
You worshipped Cheibriados.
Cheibriados was aware of your devotion.
You were a tree.
You visited 3 branches of the dungeon, and saw 14 of its levels.

You collected 380 gold pieces.

Inventory:

Missiles
 x - 24 poisoned darts
 C - 5 curare-tipped darts
 H - a throwing net
Armour
 v - the +1 scale mail of the Boiling Point {rC- Regen+ SInv}
   (You found it on level 2 of the Dungeon)

   rC:        It makes you vulnerable to cold.
   SInv:      It lets you see invisible.
   Regen:     It increases your rate of health regeneration.
 I - a +0 cloak (melded)
 J - a +0 pair of boots
 L - the +0 pair of boots of Gaedghut (melded) {SInv}
   (You found it on level 8 of the Dungeon)

   SInv:      It lets you see invisible.
 P - a +0 pair of gloves (melded)
 R - a +0 robe (melded)
Magical Staves
 a - a staff of earth
 b - a staff of death
Jewellery
 c - a +4 ring of protection (left branch)
 i - an amulet of faith (around neck)
 o - a ring of flight
 B - a ring of ice (right branch)
 F - a ring of willpower
Wands
 A - a wand of digging (5)
 E - a wand of flame (36)
Scrolls
 d - 3 scrolls of magic mapping {!d}
 e - a scroll of poison
 f - 2 scrolls of fog
 g - 2 scrolls of amnesia
 h - a scroll of enchant armour
 j - 4 scrolls of vulnerability
 k - a scroll of torment
 l - 3 scrolls of immolation {!r}
 q - a scroll of brand weapon
 y - a scroll of silence {!r}
 D - 2 scrolls of noise
 Q - a scroll of acquirement {unknown}
Potions
 m - a potion of berserk rage {unknown}
 n - 2 potions of lignification {!d}
 p - 2 potions of might {unknown}
 r - a potion of cancellation {!q!d}
 s - 3 potions of degeneration {unknown}
 t - a potion of resistance {unknown}
 u - 3 potions of curing {unknown}
 w - a potion of flight {unknown}
 z - a potion of ambrosia {unknown}
 G - 3 potions of mutation {unknown}
 N - a potion of attraction {unknown}
Miscellaneous
 K - a lightning rod (4/4)


   Skills:
 + Level 6.3 Fighting
 + Level 6.3 Short Blades
 + Level 6.3 Long Blades
 + Level 6.3 Axes
 + Level 6.3 Maces & Flails
 + Level 6.3 Polearms
 + Level 6.3 Staves
 + Level 6.3 Ranged Weapons
 + Level 6.3 Throwing
 + Level 6.3 Armour
 + Level 7.9 Dodging
 + Level 7.7 Stealth
 + Level 6.3 Shields
 + Level 6.3 Unarmed Combat
 + Level 8.1 Spellcasting
 + Level 5.2 Conjurations
 + Level 5.2 Hexes
 + Level 5.2 Summonings
 + Level 5.2 Necromancy
 + Level 5.2 Translocations
 + Level 5.2 Transmutations
 + Level 5.2 Fire Magic
 + Level 8.9 Ice Magic
 + Level 5.2 Air Magic
 + Level 5.2 Earth Magic
 + Level 5.2 Poison Magic
 + Level 6.9 Invocations
 + Level 6.3 Evocations


You had 8 spell levels left.
You knew the following spells:

 Your Spells              Type           Power      Damage    Failure   Level
a - Freeze                Ice            100%       1d11      1%          1
b - Frozen Ramparts       Ice            100%       1d12      1%          3
c - Ozocubu's Armour      Ice            60%        N/A       1%          3
d - Hailstorm             Conj/Ice       53%        3d12      4%          4
e - Magic Dart            Conj           100%       1d8       1%          1
f - Searing Ray           Conj           58%        2d6       1%          2
g - Scorch                Fire           58%        2d7       1%          2
h - Sublimation of Blood  Necr           29%        N/A       1%          2

Your spell library contained the following spells:

 Spells                   Type           Power      Damage    Failure   Level
 Wereblood                Tmut           29%        N/A       1%          2
 Dazzling Flash           Conj/Hex       58%        N/A       3%          3
 Flame Wave               Conj/Fire      29%        2d8       10%         4
 Fulminant Prism          Conj/Hex       14%        3d9       10%         4
 Iskenderun's Mystic Bla  Conj/Tloc      29%        2d7       10%         4
 Agony                    Necr           29%        N/A       26%         5
 Silence                  Hex/Air        14%        N/A       26%         5
 Starburst                Conj/Fire      14%        6d6       83%         6
 Summon Cactus Giant      Summ           14%        N/A       83%         6
 Summon Hydra             Summ           14%        N/A       100%        7


Dungeon Overview and Level Annotations

Branches:
Dungeon (12/15) Zot: 40223  Temple (1/1) D:6 Zot: 8991     Orc (1/2) D:11 Zot: 8998
   Lair: D:8-11

Altars:
Ashenzari
Cheibriados
Dithmenos
Fedhas
Gozag
Hepliaklqana
Kikubaaqudgha
Nemelex Xobeh
Okawaru
Qazlal
Ru
Sif Muna
Uskayaw
Vehumet
Wu Jian
Xom
Yredelemnul
Zin
The Shining One

Annotations:
D:3 Grinder
D:10 2 transporters
D:11 Lodul


Innate Abilities, Weirdness & Mutations

You are a tree.
Your roots penetrate the ground, keeping you stationary.
You cannot be teleported.
You are immune to unholy pain and torment.
Your maximum health is greatly increased.
Your equipment is partially melded.
((You have very sharp teeth.))
Your uncanny sense of smell can sniff out nearby items.
Your experience applies equally to all skills.


Message History

Are you sure you want to cancel this blink? [Y]es or [N]o only, please.
Are you sure you want to cancel this blink?
Blink to where?
Press: ? - help, Dir - move target, f - you Are you sure you want to cancel this blink?
Blink to where?
Press: ? - help, Dir - move target Your icy armour and frozen ramparts will break if you move.
Continue?
Your icy armour cracks and falls away as you move.
The frozen ramparts melt away as you move.
A wraith comes into view.
As you read the scroll labelled CENAIL AQEOF, it crumbles to dust.
It was a scroll of blinking.
The grasping roots constrict the boulder beetle.
The roots release their grip on the boulder beetle.
The wraith barely misses you.
The boulder beetle curls into a ball and begins rolling!
The wraith hits you but does no damage. The wraith attacks as you move away!
The wraith hits you but does no damage. x2
The boulder beetle attacks as you move away!
The boulder beetle hits you but does no damage.
The boulder beetle stops rolling and uncurls.
The boulder beetle curls into a ball and begins rolling!
The wraith attacks as you move away! The wraith hits you but does no damage.
The boulder beetle hits you!!!
Ouch! That really hurt!
* * * LOW HITPOINT WARNING * * *
The boulder beetle stops rolling and uncurls.
The wraith closely misses you.
You hear a shout!
Okay, then.
It was a potion of lignification.
You turn into a tree.
Your +0 cloak melds into your body.
Your +0 pair of gloves melds into your body.
The +0 pair of boots of Gaedghut {SInv} melds into your body.
Your +0 robe melds into your body.
Your roots penetrate the ground.
n - 2 potions of lignification;
D - 2 scrolls of noise The boulder beetle barely misses you.
The wraith hits you.
You die...

∆ ...#. ..##$....
......#....#
.......#...## ##.
............## #....
.............####......
.............°W♣......?
..............B##......
............#### .$...
#.......B.### ..##
#####......# ##
.#####..####
.......#### ...........
###'#####+


You could see 2 boulder beetles and a wraith.

Vanquished Creatures
  A two-headed ogre (D:11)
  3 hornets
  Sigmund (D:3)
  A shadow (D:12)
  11 yaks
  2 wraiths
  Eustachio (D:4)
  2 vampire mosquitoes (D:11)
  A water moccasin (D:5)
  2 acid dragons
  2 black bears
  2 ice beasts
  A sky beast (D:8)
  3 orc warriors
  3 ogres
  A centaur (D:10)
  2 phantoms
  3 scorpions
  6 bullfrogs
  2 gnoll sergeants
  A necrophage (D:6)
  9 wights
  3 killer bees (D:9)
  5 howler monkeys
  7 hounds
  A jelly (D:6)
  5 orc priests
  2 iguanas (D:6)
  11 orc wizards
  13 gnolls
  13 adders
  A white imp (D:7)
  2 ufetubi
  2 worms
  2 dart slugs
  40 orcs
  6 endoplasms
  3 giant cockroaches
  3 hobgoblins (D:1)
  5 jackals
  2 kobolds
  2 quokkas (D:1)
  4 ball pythons
  6 bats
  3 frilled lizards
  6 goblins
  3 rats
210 creatures vanquished.

Vanquished Creatures (collateral kills)
  A scorpion (D:7)
1 creature vanquished.

Grand Total: 211 creatures vanquished

Notes
Turn   | Place    | Note
-------+----------+-------------------------------------------
     0 | D:1      | buhh the Gnoll Ice Elementalist began the quest for the
                  | Orb.
     0 | D:1      | Reached XP level 1. HP: 13/13 MP: 6/6
    95 | D:1      | Reached XP level 2. HP: 9/19 MP: 1/7
   183 | D:1      | Found a faded altar of an unknown god.
   496 | D:2      | Reached skill level 1 in Fighting
   496 | D:2      | Reached skill level 1 in Short Blades
   496 | D:2      | Reached skill level 1 in Long Blades
   496 | D:2      | Reached skill level 1 in Axes
   496 | D:2      | Reached skill level 1 in Maces & Flails
   496 | D:2      | Reached skill level 1 in Polearms
   496 | D:2      | Reached skill level 1 in Staves
   496 | D:2      | Reached skill level 1 in Ranged Weapons
   496 | D:2      | Reached skill level 1 in Throwing
   496 | D:2      | Reached skill level 1 in Armour
   496 | D:2      | Reached skill level 1 in Shields
   496 | D:2      | Reached skill level 1 in Unarmed Combat
   496 | D:2      | Reached skill level 5 in Spellcasting
   496 | D:2      | Reached skill level 1 in Invocations
   496 | D:2      | Reached skill level 1 in Evocations
   496 | D:2      | Reached XP level 3. HP: 8/26 MP: 1/9
   542 | D:2      | Identified the +1 scale mail of the Boiling Point {rC-
                  | Regen+ SInv}
   591 | D:2      | Reached XP level 4. HP: 19/32 MP: 7/11
   720 | D:2      | Reached skill level 1 in Conjurations
   720 | D:2      | Reached skill level 1 in Hexes
   720 | D:2      | Reached skill level 1 in Summonings
   720 | D:2      | Reached skill level 1 in Necromancy
   720 | D:2      | Reached skill level 1 in Translocations
   720 | D:2      | Reached skill level 1 in Transmutations
   720 | D:2      | Reached skill level 1 in Fire Magic
   720 | D:2      | Reached skill level 1 in Air Magic
   720 | D:2      | Reached skill level 1 in Earth Magic
   720 | D:2      | Reached skill level 1 in Poison Magic
   824 | D:3      | Learned a level 3 spell: Frozen Ramparts
   828 | D:3      | Learned a level 3 spell: Ozocubu's Armour
   903 | D:3      | Reached XP level 5. HP: 32/37 MP: 3/12
  1037 | D:3      | Noticed Sigmund
  1038 | D:3      | Noticed Grinder
  1049 | D:3      | Killed Sigmund
  1050 | D:3      | Reached skill level 5 in Dodging
  1050 | D:3      | Reached XP level 6. HP: 29/44 MP: 4/14
  1092 | D:3      | Noticed an orc warrior
  1101 | D:3      | Killed an orc warrior
  1138 | D:4      | Reached XP level 7. HP: 18/51 MP: 5/15
  1284 | D:4      | You fall into a shaft and drop 2 floors!
  1360 | D:6      | Noticed a hornet
  1372 | D:6      | Reached skill level 5 in Stealth
  1375 | D:6      | HP: 2/51 [orc priest/divine providence (15)]
  1386 | D:5      | Entered Level 5 of the Dungeon
  1578 | D:5      | Reached XP level 8. HP: 33/58 MP: 0/16
  2155 | D:4      | Noticed Eustachio
  2173 | D:4      | Killed Eustachio
  2268 | D:3      | Learned a level 4 spell: Hailstorm
  2345 | D:5      | Reached XP level 9. HP: 58/65 MP: 6/18
  2570 | D:5      | Learned a level 1 spell: Magic Dart
  2581 | D:5      | Learned a level 2 spell: Searing Ray
  2646 | D:6      | Killed a hornet
  2703 | D:6      | Reached skill level 5 in Invocations
  2718 | D:6      | Found a staircase to the Ecumenical Temple.
  2724 | Temple   | Entered the Ecumenical Temple
  2842 | D:6      | Found a hazy altar of Hepliaklqana.
  2892 | D:6      | Found a radiant altar of Vehumet.
  3148 | D:7      | Found a hide-covered altar of Uskayaw.
  3154 | D:7      | Found an ornate altar of the Wu Jian Council.
  3156 | D:7      | Found a sacrificial altar of Ru.
  3157 | D:7      | Found an iron altar of Okawaru.
  3159 | D:7      | Found a shadowy altar of Dithmenos.
  3192 | D:7      | Noticed a two-headed ogre
  3389 | D:7      | Reached skill level 5 in Fighting
  3389 | D:7      | Reached skill level 5 in Short Blades
  3389 | D:7      | Reached skill level 5 in Long Blades
  3389 | D:7      | Reached skill level 5 in Axes
  3389 | D:7      | Reached skill level 5 in Maces & Flails
  3389 | D:7      | Reached skill level 5 in Polearms
  3389 | D:7      | Reached skill level 5 in Staves
  3389 | D:7      | Reached skill level 5 in Ranged Weapons
  3389 | D:7      | Reached skill level 5 in Throwing
  3389 | D:7      | Reached skill level 5 in Armour
  3389 | D:7      | Reached skill level 5 in Shields
  3389 | D:7      | Reached skill level 5 in Unarmed Combat
  3389 | D:7      | Reached skill level 5 in Evocations
  3389 | D:7      | Reached XP level 10. HP: 73/74 MP: 20/20
  3552 | D:8      | Found a glowing golden altar of the Shining One.
  3554 | D:8      | Noticed an angel
  3559 | D:8      | Found a basalt altar of Yredelemnul.
  3561 | D:8      | Noticed a profane servitor
  3709 | D:8      | Identified the +0 pair of boots of Gaedghut {SInv}
  3951 | D:10     | Entered Level 10 of the Dungeon
  4104 | D:9      | Found an ancient bone altar of Kikubaaqudgha.
  4123 | D:9      | Found a sparkling altar of Nemelex Xobeh.
  4155 | D:9      | Found a shimmering altar of Xom.
  4541 | D:10     | Found an opulent altar of Gozag.
  4617 | D:10     | Found a transporter.
  4619 | D:10     | Found a transporter.
  4621 | D:10     | Noticed a boulder beetle
  4749 | D:10     | Learned a level 2 spell: Scorch
  4752 | D:10     | Learned a level 2 spell: Sublimation of Blood
  4849 | D:10     | Found a stormy altar of Qazlal.
  4864 | D:10     | Found a shimmering blue altar of Sif Muna.
  4870 | D:10     | Found a blossoming altar of Fedhas.
  4879 | D:10     | Found a broken altar of Ashenzari.
  4885 | D:10     | Found a snail-covered altar of Cheibriados.
  4889 | D:10     | Became a worshipper of Cheibriados the Contemplative
  4957 | D:11     | Found a staircase to the Orcish Mines.
  5033 | D:11     | Identified the +6 mace of Ciskunko {speed, rN+}
  5040 | Orc:1    | Entered Level 1 of the Orcish Mines
  5040 | Orc:1    | Noticed an orc sorcerer
  5073 | D:11     | Reached skill level 5 in Conjurations
  5073 | D:11     | Reached skill level 5 in Hexes
  5073 | D:11     | Reached skill level 5 in Summonings
  5073 | D:11     | Reached skill level 5 in Necromancy
  5073 | D:11     | Reached skill level 5 in Translocations
  5073 | D:11     | Reached skill level 5 in Transmutations
  5073 | D:11     | Reached skill level 5 in Fire Magic
  5073 | D:11     | Reached skill level 5 in Air Magic
  5073 | D:11     | Reached skill level 5 in Earth Magic
  5073 | D:11     | Reached skill level 5 in Poison Magic
  5121 | D:11     | Noticed a two-headed ogre
  5131 | D:11     | Noticed Lodul
  5133 | D:11     | Killed a two-headed ogre
  5134 | D:11     | Reached XP level 11. HP: 16/81 MP: 9/23
  5228 | D:12     | Reached * piety under Cheibriados
  5421 | D:12     | Noticed a boulder beetle
  5425 | D:12     | Noticed a boulder beetle
  5435 | D:12     | HP: 1/82 [boulder beetle (45)]
  5436 | D:12     | Slain by a wraith

Illustrated notes

Levels and vault maps discovered:
D:1:      psy_arrival_fountain, layout_rooms, basic_ecumenical_altar,
          nicolae_figureground_sparkle
D:2:      layout_basic
D:3:      layout_basic, due_unseen_surprise, uniq_sigmund, uniq_grinder
D:4:      layout_rooms, elyvilon_altar_1, uniq_eustachio
D:5:      cheibrodos_fzero, layout_basic
D:6:      layout_loops_cross, mainiacjoe_overflow_catwalk_spiral,
          minmay_temple_entry_enclosed_plants, minmay_misc_feat_room,
          minmay_misc_feat_plants
D:7:      layout_rooms, minitemple
D:8:      layout_cave_pods, grunt_temple_overflow_holy_war
D:9:      layout_loops_ring, nicolae_kikubaaqudgha_miasma_corner,
          old_standard_altar, mainiacjoe_overflow_paths
D:10:     gammafunk_boulding_lane, layout_loops_cross,
          nicolae_gozag_seed_capital, grunt_temple_overflow_octagram,
          serial_glass, glass_columns_b, glass_columns_b, glass_columns_a,
          glass_columns_a, glass_columns_b, glass_columns_a, glass_columns_b,
          glass_columns_a, glass_columns_a, glass_columns_b
D:11:     layout_cave_pods, lair_entry_dummy, orc_0_dummy, uniq_lodul
D:12:     minmay_the_grid_square_5x5_4x4 [minmay_the_grid_square_5x5_checkered,
          minmay_the_grid_square_5x5_bridge, minmay_the_grid_square_5x5_seven,
          minmay_the_grid_square_5x5_fancy_junction,
          minmay_the_grid_square_5x5_empty,
          minmay_the_grid_square_5x5_prize_monsterx,
          minmay_the_grid_square_5x5_prize_snowflake,
          minmay_the_grid_square_5x5_three_walls,
          minmay_the_grid_square_5x5_six_small,
          minmay_the_grid_square_5x5_prize_pseudospiral,
          minmay_the_grid_square_5x5_prize_open, minmay_the_grid_square_5x5_v,
          minmay_the_grid_square_5x5_inner_z,
          minmay_the_grid_square_5x5_tri_point, minmay_the_grid_square_5x5_c,
          minmay_the_grid_square_5x5_inner_v], layout_cave_pods, fountainhead
Temple:   ebering_the_one_and_only
Orc:1:    layout_caves

Skill      XL: |  1  2  3  4  5  6  7  8  9 10 |
---------------+-------------------------------+-----
Fighting       | 1 2 3 5 6 |  6.3
Short Blades   | 1 2 3 5 6 |  6.3
Long Blades    | 1 2 3 5 6 |  6.3
Axes           | 1 2 3 5 6 |  6.3
Maces & Flails | 1 2 3 5 6 |  6.3
Polearms       | 1 2 3 5 6 |  6.3
Staves         | 1 2 3 5 6 |  6.3
Ranged Weapons | 1 2 3 5 6 |  6.3
Throwing       | 1 2 3 5 6 |  6.3
Armour         | 1 2 3 5 6 |  6.3
Shields        | 1 2 3 5 6 |  6.3
Unarmed Combat | 1 2 3 5 6 |  6.3
Spellcasting   | 5 6 7 8 |  8.1
Invocations    | 1 2 3 4 5 6 |  6.9
Evocations     | 1 2 3 5 6 |  6.3
Conjurations   | 1 2 3 4 5 |  5.2
Hexes          | 1 2 3 4 5 |  5.2
Summonings     | 1 2 3 4 5 |  5.2
Necromancy     | 1 2 3 4 5 |  5.2
Translocations | 1 2 3 4 5 |  5.2
Transmutations | 1 2 3 4 5 |  5.2
Fire Magic     | 1 2 3 4 5 |  5.2
Air Magic      | 1 2 3 4 5 |  5.2
Earth Magic    | 1 2 3 4 5 |  5.2
Poison Magic   | 1 2 3 4 5 |  5.2
Dodging        | 5 6 7 |  7.9
Stealth        | 5 6 7 |  7.7
Ice Magic      | 8 |  8.9

Action                   |  1- 3 |  4- 6 |  7- 9 | 10-12 || total
-------------------------+-------+-------+-------+-------++-------
Melee: Staff             |    13 |    16 |   111 |       ||   140
       Unarmed           |     4 |       |    77 |    39 ||   120
       Bite              |     1 |     2 |    24 |    10 ||    37
       Punch             |       |       |     3 |       ||     3
 Cast: Freeze            |    35 |    47 |    40 |    20 ||   142
       Frozen Ramparts   |       |     8 |    47 |    16 ||    71
       Ozocubu's Armour  |       |     2 |    23 |    15 ||    40
       Searing Ray       |       |       |     6 |    14 ||    20
       Magic Dart        |       |       |     3 |     1 ||     4
       Hailstorm         |       |       |     1 |    10 ||    11
       Scorch            |       |       |       |     9 ||     9
       Sublimation of Bl |       |       |       |     7 ||     7
Evoke: Wand              |       |       |    15 |     5 ||    20
  Use: Scroll            |     2 |     4 |    10 |     4 ||    20
       Potion            |       |     1 |     2 |     1 ||     4
 Stab: Sleeping          |       |       |     2 |     2 ||     4
Armor: Robe              |     8 |    11 |   141 |    58 ||   218
Dodge: Dodged            |    34 |    36 |   259 |    84 ||   413

Table legend: (Time is in decaauts)
 A = Elapsed time spent in this place.
 B = Non-inter-level travel time spent in this place.
 C = Inter-level travel time spent in this place.
 D = Time resting spent in this place.
 E = Time spent auto-exploring this place.
 F = Levels seen in this place.
 G = Mean time per level.
                   A        B        C        D        E       F      G
               +--------+--------+--------+--------+--------+-----+--------+
         Total |   5582 |   5419 |    163 |    117 |     91 |  14 |  398.7 |
       Dungeon |   5574 |   5411 |    163 |    117 |     91 |  12 |  464.5 |
        Temple |      5 |      5 |      0 |      0 |      0 |   1 |    5.0 |
  Orcish Mines |      1 |      1 |      0 |      0 |      0 |   1 |    1.0 |
               +--------+--------+--------+--------+--------+-----+--------+

Top non-repeatable levels by time:
     D:5: 762 daAuts
     D:6: 592 daAuts
     D:9: 572 daAuts
    D:10: 552 daAuts
     D:8: 496 daAuts
     D:3: 468 daAuts
     D:7: 424 daAuts
     D:2: 416 daAuts
     D:1: 391 daAuts
     D:4: 333 daAuts
    D:11: 292 daAuts
    D:12: 271 daAuts
  Temple: 5 daAuts
   Orc:1: 1 daAuts
